 Dungeon Crawl Stone Soup version 0.27.1-34-g3ba077fa99 (webtiles) character file.

Game seed: 12240746343946213077

278 Arum the Shield-Bearer (level 6, -3/51 HPs)
             Began as a Formicid Fighter on Jan 23, 2022.
             Killed from afar by an orc wizard (8 damage)
             ... with a magic dart
             ... on level 3 of the Dungeon.
             The game lasted 00:02:54 (2484 turns).

Arum the Shield-Bearer (Formicid Fighter)           Turns: 2484, Time: 00:02:54

Health: -3/51      AC:  6    Str: 22    XL:     6   Next: 51%
Magic:  6/6        EV:  8    Int:  8    God:
Gold:   98         SH: 15    Dex: 10    Spells: 5/5 levels left

rFire    . . .     SeeInvis +   a - +0 flail
rCold    . . .     Faith    .   c - +0 kite shield
rNeg     . . .     Spirit   .   b - +0 scale mail
rPois    +         Reflect  +   (helmet unavailable)
rElec    .         Harm     .   (no cloak)
rCorr    .         Rampage  .   (no gloves)
Will     .....                  (no boots)
Stlth    ..........             q - amulet of reflection
HPRegen  0.17/turn              e - ring of poison resistance
MPRegen  0.10/turn              (no ring)

@: no status effects
A: permanent stasis, dig shafts and tunnels, antennae 3, four strong arms
a: Dig, Shaft Self


You were on level 3 of the Dungeon.
You visited 1 branch of the dungeon, and saw 3 of its levels.

You collected 98 gold pieces.

Inventory:

Hand Weapons
 a - a +0 flail (weapon)
 k - a +0 whip
Armour
 b - a +0 scale mail (worn)
 c - a +0 kite shield (worn)
Jewellery
 e - a ring of poison resistance (left hand)
 q - an amulet of reflection (around neck)
Scrolls
 f - 2 scrolls of teleportation {unknown}
 h - 2 scrolls of holy word {unknown}
 i - a scroll of enchant weapon {unknown}
 n - 2 scrolls of vulnerability {unknown}
 o - 2 scrolls of identify {unknown}
Potions
 d - a potion of might
 g - a potion of haste {unknown}
 j - 2 potions of ambrosia {unknown}
 l - a potion of attraction {unknown}
 m - a potion of curing {unknown}
 p - 2 potions of brilliance {unknown}


   Skills:
 + Level 5.0 Fighting
 + Level 3.9 Maces & Flails
 - Level 3.2 Armour
 + Level 5.5 Shields


You had 5 spell levels left.
You didn't know any spells.
Your spell library was empty.

Dungeon Overview and Level Annotations

Branches:
Dungeon (3/15)

Altars:

Shops:
D:1 [   D:2 =

Annotations:
D:3 Terence


Innate Abilities, Weirdness & Mutations

You cannot be hasted, slowed, berserked, paralysed or teleported.
You can dig through walls and to a lower floor.
You have a pair of large antennae on your head. (SInv)
Your four strong arms can wield two-handed weapons with a shield.


Message History

The orc is severely wounded.
You block the orc's attack. The orc hits you with a +0 flail.
* * * LOW HITPOINT WARNING * * *
You closely miss the orc.
The orc is heavily wounded.
You block the orc's attack.
You closely miss the orc.
The orc is heavily wounded.
You block the orc's attack. The orc hits you with a +0 flail.
* * * LOW HITPOINT WARNING * * *
You closely miss the orc.
The orc is heavily wounded.
You block the orc's attack.
You completely miss the orc.
The orc is heavily wounded.
The orc hits you but does no damage.
You closely miss the orc.
The orc is heavily wounded.
You block the orc's attack.
Your shield prevents you from hitting the orc.
The orc is heavily wounded.
You block the orc's attack. The orc hits you with a +0 flail.
* * * LOW HITPOINT WARNING * * *
You hit the orc.
You kill the orc!
You block the orc wizard's attack.
You hit the orc wizard.
The orc wizard is severely wounded.
You block the orc wizard's attack.
You closely miss the orc wizard.
The orc wizard is severely wounded.
The orc wizard hits you but does no damage.
You closely miss the orc wizard.
The orc wizard is severely wounded.
The orc wizard barely misses you. You block the orc wizard's attack.
You miss the orc wizard.
The orc wizard is severely wounded.
The orc wizard casts a spell at you. The magic dart hits you!
You die...

##### #...# #...#
#...# #...# ###
###### #...####@##
#....# #.....###o#
#######.....
#...#..{{##
#........... .....
##..####{#
#..........#
...... ##.#
#.#####.........#.
...... #.#
#{............)..#
...... #.#
#.............##..
.#....####.##
##.{..........####
............##
#..{...........#


You could see an orc wizard (invisible).

Vanquished Creatures
  Sigmund (D:2)
  Robin (D:2)
  3 gnolls (D:3)
  2 adders (D:2)
  2 worms (D:3)
  A dart slug (D:1)
  An orc (D:3)
  2 ball pythons
  3 endoplasms
  6 giant cockroaches
  12 goblins
  7 hobgoblins
  4 kobolds
  2 quokkas (D:1)
  4 bats
  2 frilled lizards (D:1)
  4 rats
57 creatures vanquished.

Notes
Turn   | Place    | Note
-------+----------+-------------------------------------------
     0 | D:1      | Arum the Formicid Fighter began the quest for the Orb.
     0 | D:1      | Reached XP level 1. HP: 18/18 MP: 1/1
    77 | D:1      | Found Wynimeur's Antique Armour Boutique.
   198 | D:1      | Reached XP level 2. HP: 24/24 MP: 2/2
   297 | D:1      | Found a faded altar of an unknown god.
   466 | D:1      | Reached XP level 3. HP: 30/30 MP: 3/3
   983 | D:2      | Found Kygovuli's Jewellery Shoppe.
   989 | D:2      | Noticed Robin
  1019 | D:2      | Killed Robin
  1020 | D:2      | Reached XP level 4. HP: 29/37 MP: 4/4
  1350 | D:2      | Noticed Sigmund
  1372 | D:2      | Killed Sigmund
  1373 | D:2      | Reached skill level 5 in Shields
  1373 | D:2      | Reached XP level 5. HP: 8/43 MP: 5/5
  1373 | D:2      | Reached XP level 6. HP: 10/50 MP: 6/6
  2159 | D:3      | Reached skill level 5 in Fighting
  2439 | D:3      | Noticed Terence
  2484 | D:3      | Killed from afar by an orc wizard

Illustrated notes

Levels and vault maps discovered:
D:1:      nicolae_arrival_washed_ashore, layout_basic,
          shapermc_ecumenical_altar_starsandcircs, serial_shops, shop
D:2:      layout_loops_ring, serial_shops, shop, uniq_sigmund, uniq_robin
D:3:      layout_rooms, hangedman_decor_slide_cut, uniq_terence

Skill      XL: |  1  2  3  4  5  6 |
---------------+-------------------+-----
Shields        | 4 5 |  5.5
Fighting       | 4 5 |  5.0
Maces & Flails | 3 |  3.9
Armour         | |  3.2

Action                   |  1- 3 |  4- 6 || total
-------------------------+-------+-------++-------
Melee: Flail             |    28 |    25 ||    53
       Whip              |    73 |   116 ||   189
 Abil: Dig               |     1 |     1 ||     2
Armor: Scale mail        |    27 |    25 ||    52
Dodge: Dodged            |    24 |    22 ||    46
Block: Kite shield       |    48 |    73 ||   121
